 Dungeon Crawl Stone Soup version 0.22-a0-803-gd6d8abe (webtiles) character file.

126 riteheju the Skirmisher (level 4, -1/36 HPs)
             Began as a Demonspawn Fighter on July 22, 2018.
             Slain by a leopard gecko (3 damage)
             ... on level 4 of the Dungeon.
             The game lasted 00:05:09 (3215 turns).

riteheju the Skirmisher (Demonspawn Fighter)        Turns: 3215, Time: 00:05:09

Health: -1/36      AC: 15    Str: 18    XL:     4   Next: 83%
Magic:  4/4        EV:  7    Int:  9    God:
Gold:   141        SH:  9    Dex: 12    Spells: 3/3 levels left

rFire    . . .     SeeInvis .   a - +0 long sword
rCold    . . .     Gourm    .   c - +0 shield
rNeg     . . .     Faith    .   b - +0 scale mail
rPois    .         Spirit   .   (no helmet)
rElec    .         Reflect  .   (no cloak)
rCorr    .         Harm     .   s - +0 pair of gloves
MR       .....                  w - +0 pair of boots
Stlth    ..........             (no amulet)
HPRegen  0.12/turn              (no ring)
MPRegen  0.09/turn              (no ring)

@: sanguine armour
A: claws 1, sanguine armour 1
a: no special abilities


You were on level 4 of the Dungeon.
You were hungry.

You visited 1 branch of the dungeon, and saw 4 of its levels.

You collected 141 gold pieces.

Inventory:

Hand Weapons
 a - a +0 long sword (weapon)
Missiles
 n - 4 tomahawks (quivered)
Armour
 b - a +0 scale mail (worn)
 c - a +0 shield (worn)
 s - a +0 pair of gloves (worn)
 t - a +0 chain mail
 w - a +0 pair of boots (worn)
Jewellery
 l - an uncursed ring of see invisible {unknown}
 m - a +4 amulet of reflection {unknown}
 r - an uncursed ring of positive energy {unknown}
 u - an uncursed ring of flight {unknown}
Wands
 p - a wand of acid (3)
Scrolls
 e - 3 scrolls of identify {unknown}
 g - a scroll of teleportation {unknown}
 h - 3 scrolls of remove curse {unknown}
 k - a scroll of magic mapping {unknown}
 o - a scroll of enchant armour {unknown}
 v - a scroll of immolation {unknown}
 x - a scroll of amnesia {unknown}
Potions
 d - 2 potions of might
 i - 3 potions of berserk rage {unknown}
 j - a potion of haste {unknown}
 z - a potion of curing {unknown}
Comestibles
 f - 8 rations


   Skills:
 + Level 3.6 Fighting
 + Level 2.9 Long Blades
 + Level 3.3 Armour
 + Level 0.7 Dodging
 + Level 3.3 Shields


You had 3 spell levels left.
You didn't know any spells.
Your spell library contained the following spells:

 Spells                   Type           Power        Failure   Level  Hunger
 Confuse                  Hex            #.......     100%        3    ####...
 Tukima's Dance           Hex            #.......     100%        3    ####...
 Ensorcelled Hibernation  Hex/Ice        #.....       100%        2    ###....
 Corona                   Hex            #......      99%         1    ##.....
 Dazzling Spray           Conj/Hex       #.....       100%        3    ####...


Dungeon Overview and Level Annotations

Branches:
Dungeon (4/15)             Temple (0/1) D:4

Altars:
Makhleb
Qazlal

Annotations:
D:3 faded altar


Innate Abilities, Weirdness & Mutations

You have sharp fingernails.
When seriously injured, your bleeding wounds create armour. (AC +6)


Message History

The ogre hits you with a giant club!
* * * LOW HITPOINT WARNING * * *
There is a stone staircase leading down here.
You can't go up here!
You climb downwards.
A leopard gecko and an orc come into view.
The leopard gecko hisses angrily.
The orc shouts!
Found three items.
Found a stone staircase leading down.
There is a stone staircase leading up here.
You block the orc's attack.
Found a staircase to the Ecumenical Temple.
There is a stone staircase leading down here.
A worker ant comes into view.
The worker ant twitches its antennae in your direction.
Found a cloak.
Found 11 gold pieces.
There is a staircase to the Ecumenical Temple here.
You can't go up here!
The leopard gecko bites you.
You die...

#.# #.## ##..# #...#
# # ... #.⌠.# .#.#
...###...###......#
..................#
....⌠..@..⌠a?.....#
.......l....(.....##
$..###.o.###........
. #.⌠.# #.......#
#...###........
.....#..>..........
...#[#.#...<.....#
.. #.=...........# #
###.#...........


You could see a worker ant, an orc and a leopard gecko.

Vanquished Creatures
  A worker ant (D:3)
  3 adders
  An ooze (D:3)
  An adder zombie (D:3)
  3 dart slugs
  6 leopard geckos
  An orc (D:3)
  6 bats
  4 giant cockroaches
  5 goblins
  5 hobgoblins
  7 kobolds
  2 quokkas
  6 frilled lizards
  5 rats
56 creatures vanquished.

Notes
Turn   | Place    | Note
-------+----------+-------------------------------------------
     0 | D:1      | riteheju the Demonspawn Fighter began the quest for the Orb.
     0 | D:1      | Reached XP level 1. HP: 18/18 MP: 1/1
   256 | D:1      | Gained mutation: When seriously injured, your bleeding wounds create armour. (AC +6) [demonic ancestry]
   256 | D:1      | Reached XP level 2. HP: 24/24 MP: 2/2
  1262 | D:2      | Reached XP level 3. HP: 29/29 MP: 3/3
  2143 | D:3      | Gained mutation: You have sharp fingernails. [demonic ancestry]
  2143 | D:3      | Reached XP level 4. HP: 32/35 MP: 4/4
  2205 | D:3      | Found a stormy altar of Qazlal.
  2663 | D:3      | Found a faded altar of an unknown god.
  3103 | D:3      | Found a burning altar of Makhleb.
  3128 | D:4      | Noticed an ogre
  3202 | D:3      | HP: 1/36 [ogre/giant club (14)]
  3209 | D:4      | Found a staircase to the Ecumenical Temple.
  3215 | D:4      | Slain by a leopard gecko

Vault maps used:
D:1:      minmay_arrival_wavy_path
D:3:      marbit_many_paths, first_ration, chequers_ecumenical_altar_twisty,
          grunt_qazlal_clouds
D:4:      lemuel_blue_sif_altar, minmay_temple_entry_junction

Skill      XL: |  1  2  3 |
---------------+----------+-----
Shields        | 3 |  3.3
Long Blades    | 2 |  2.9
Armour         | 3 |  3.3
Fighting       | |  3.6
Dodging        | |  0.7

Action                   |  1- 3 |  4- 6 || total
-------------------------+-------+-------++-------
Melee: Long sword        |   156 |    70 ||   226
  Eat: Chunk             |     4 |     3 ||     7
Armor: Scale mail        |    81 |    36 ||   117
Dodge: Dodged            |    37 |    29 ||    66
Block: Shield            |    69 |    44 ||   113
       Rpst.: Long sword |    16 |    10 ||    26

Table legend:
 A = Spawn XP
 B = Non-spawn XP
 C = Spawn XP percentage of total XP
 D = Spawn monster count
 E = Non-spawn monster count
 F = Spawn count percentage of total count
 G = Total turns spent on level
                    A         B        C        D         E        F      G
               +---------+---------+-------+---------+---------+-------+---------
         Total |       0 |     180 |   0.0 |       0 |      56 |   0.0 |  3215
               +---------+---------+-------+---------+---------+-------+---------
           D:1 |       0 |      33 |   0.0 |       0 |      19 |   0.0 |   955
           D:2 |       0 |      53 |   0.0 |       0 |      18 |   0.0 |   913
           D:3 |       0 |      94 |   0.0 |       0 |      19 |   0.0 |  1323
               +---------+---------+-------+---------+---------+-------+---------
